Map: Proxima Station LE

Players

NeoBlade (PartinG) - Winner!

  • Race: Protoss Protoss
  • League: Platinum
  • Spawn Location: 7:00

A.I. 1 (Very Hard)

  • Race: Protoss Protoss
  • Spawn Location: 1:00

VOD

http://youtu.be/TW_k_6Js5hM

Description

Original Replay on Orbital: http://lotv.spawningtool.com/7291/

Time

  • Played on: May 31, 2017, 4:55 a.m.
  • Length: 9:29
Show
View Real Time Build Order
Export as new Build Order

NeoBlade Protoss - Winner!

Build Orders: Nexus First, Blink Stalkers 

Get SALT Encoding   

  12  0:01  Probe (Chrono Boost)  
  13  0:12  Probe (Chrono Boost)  
  14  0:18  Pylon  
  14  0:24  Probe (Chrono Boost)  
  15  0:37  Probe (Chrono Boost)  
  16  0:47  Probe (Chrono Boost)  
  17  0:59  Nexus  
  17  1:02  Probe (Chrono Boost)  
  18  1:12  Gateway  
  18  1:18  Assimilator  
  18  1:21  Probe (Chrono Boost)  
  19  1:26  Assimilator  
  19  1:32  Probe (Chrono Boost)  
  20  1:42  Probe (Chrono Boost)  
  21  1:53  Probe (Chrono Boost)  
  22  2:01  Cybernetics Core  
  22  2:03  Probe (Chrono Boost)  
  23  2:11  Probe (Chrono Boost)  
  23  2:14  Probe (Chrono Boost)  
  25  2:15  Pylon  
  25  2:21  Probe (Chrono Boost)  
  26  2:24  Probe (Chrono Boost)  
  27  2:32  Probe (Chrono Boost)  
  27  2:35  Probe (Chrono Boost)  
  29  2:37  Stalker  
  29  2:40  Warp Gate  
  29  2:42  Probe (Chrono Boost)  
  32  2:45  Probe (Chrono Boost)  
  32  2:48  Twilight Council  
  33  2:53  Probe (Chrono Boost)  
  33  2:56  Probe (Chrono Boost)  
  35  3:04  Mothership Core (Chrono Boost)  
  35  3:05  Stalker  
  37  3:09  Blink  
  39  3:13  Probe (Chrono Boost)  
  39  3:14  Pylon  
  40  3:23  Probe (Chrono Boost)  
  40  3:25  Probe (Chrono Boost)  
  42  3:32  Gateway  
  43  3:34  Stalker  
  43  3:35  Probe (Chrono Boost)  
  43  3:37  Probe (Chrono Boost)  
  46  3:47  Probe (Chrono Boost), Gateway  
  48  3:49  Probe (Chrono Boost)  
  48  3:55  Robotics Facility  
  48  3:59  Probe (Chrono Boost)  
  48  4:01  Pylon  
  48  4:02  Probe (Chrono Boost)  
  51  4:11  Probe (Chrono Boost)  
  51  4:14  Probe (Chrono Boost)  
  51  4:15  Assimilator  
  52  4:17  Assimilator  
  52  4:23  Probe (Chrono Boost)  
  53  4:26  Probe (Chrono Boost)  
  53  4:29  Nexus  
  54  4:35  Probe (Chrono Boost)  
  54  4:38  Probe (Chrono Boost), Pylon  
  56  4:39  Pylon  
  56  4:45  Pylon  
  56  4:55  Pylon  
  56  5:01  Gateway  
  56  5:03  Gateway  
  56  5:06  Gateway  
  56  5:07  Warp Prism  
  56  5:13  Charge  
  60  5:15  Probe x2 (Chrono Boost)  
  60  5:16  Stalker  
  60  5:18  Stalker  
  64  5:23  Stalker  
  64  5:27  Probe x2 (Chrono Boost)  
  68  5:41  Observer  
  68  5:44  Stalker  
  68  5:45  Stalker  
  68  5:46  Robotics Bay  
  68  5:47  Sentry  
  68  5:49  Forge  
  75  5:51  Forge  
  75  5:54  Pylon  
  75  5:59  Observer  
  75  6:04  Stalker  
  78  6:09  Pylon  
  78  6:10  Probe (Chrono Boost)  
  81  6:11  Probe x2 (Chrono Boost), Pylon  
  81  6:23  Probe x2 (Chrono Boost), Stalker x2  
  81  6:24  Stalker  
  89  6:30  Stalker x2  
  91  6:35  Probe (Chrono Boost)  
  91  6:36  Probe x2 (Chrono Boost)  
  88  6:40  Protoss Ground Weapons Level 1, Stalker  
  88  6:41  Protoss Ground Armor Level 1  
  88  6:46  Gateway  
  83  6:48  Probe (Chrono Boost), Gateway  
  83  6:50  Stalker  
  83  6:51  Zealot  
  85  6:59  Stalker  
  85  7:01  Sentry  
  87  7:13  Stalker x3  
  87  7:14  Stalker  
  95  7:19  Probe (Chrono Boost)  
  95  7:20  Probe (Chrono Boost)  
  95  7:21  Probe (Chrono Boost)  
  98  7:24  Immortal  
  98  7:25  Extended Thermal Lance  
  102  7:30  Probe (Chrono Boost)  
  102  7:32  Probe (Chrono Boost)  
  102  7:33  Probe (Chrono Boost)  
  105  7:38  Assimilator  
  105  7:41  Probe (Chrono Boost)  
  105  7:42  Assimilator  
  105  7:43  Stalker  
  105  7:44  Stalker x3  
  114  7:51  Pylon  
  114  7:54  Pylon  
  114  7:58  Stalker  
  114  7:59  Zealot x2  
  114  8:05  Colossus  
  126  8:17  Nexus  
  126  8:25  Zealot  
  126  8:26  Zealot x5  
  138  8:29  Templar Archives  
  136  8:38  Stalker  
  126  8:50  Zealot x6  
  134  8:59  Observer  
  134  9:02  Pylon  
  135  9:07  Pylon  
  135  9:08  Stalker x2  
  139  9:13  Gateway x2  
  139  9:20  High Templar x2  
  139  9:21  High Templar x2  
  153  9:24  Archon  
  153  9:25  Zealot, Archon  
  153  9:26  Zealot  
Show
View Real Time Build Order
Export as new Build Order

A.I. 1 (Very Hard) Protoss 

Build Orders: 1 Gate Expand 

Get SALT Encoding   

  12  0:01  Probe (Chrono Boost)  
  13  0:11  Probe (Chrono Boost)  
  14  0:19  Pylon  
  14  0:22  Probe (Chrono Boost)  
  15  0:38  Probe (Chrono Boost)  
  15  0:41  Gateway  
  16  0:48  Probe (Chrono Boost)  
  17  0:59  Probe (Chrono Boost)  
  18  1:09  Probe (Chrono Boost)  
  19  1:19  Nexus  
  19  1:20  Probe (Chrono Boost)  
  20  1:28  Zealot  
  20  1:32  Probe (Chrono Boost)  
  23  1:40  Pylon  
  23  1:48  Cybernetics Core  
  23  1:52  Assimilator  
  23  1:58  Probe (Chrono Boost)  
  24  2:09  Probe (Chrono Boost)  
  25  2:19  Probe (Chrono Boost)  
  26  2:26  Pylon  
  26  2:27  Warp Gate  
  27  2:30  Probe (Chrono Boost)  
  27  2:31  Probe (Chrono Boost)  
  28  2:41  Probe (Chrono Boost), Gateway  
  29  2:46  Assimilator  
  29  2:47  Probe (Chrono Boost)  
  30  2:51  Stalker  
  30  2:58  Pylon  
  32  3:00  Probe (Chrono Boost)  
  32  3:03  Probe (Chrono Boost)  
  34  3:11  Probe (Chrono Boost)  
  35  3:14  Probe (Chrono Boost)  
  36  3:20  Adept  
  39  3:27  Adept  
  39  3:28  Probe (Chrono Boost)  
  39  3:29  Probe (Chrono Boost)  
  39  3:33  Robotics Facility  
  42  3:39  Probe (Chrono Boost)  
  42  3:41  Probe (Chrono Boost)  
  44  3:45  Adept  
  46  3:51  Probe (Chrono Boost)  
  46  3:52  Adept  
  46  3:53  Probe (Chrono Boost)  
  50  4:02  Probe (Chrono Boost)  
  50  4:04  Probe (Chrono Boost)  
  51  4:10  Adept  
  51  4:14  Probe (Chrono Boost)  
  51  4:15  Pylon  
  51  4:16  Probe (Chrono Boost)  
  55  4:17  Adept  
  58  4:25  Probe (Chrono Boost)  
  58  4:27  Probe (Chrono Boost)  
  58  4:29  Robotics Bay  
  59  4:33  Pylon  
  59  4:39  Observer  
  59  4:44  Gateway  
  60  4:48  Probe (Chrono Boost)  
  60  4:50  Probe (Chrono Boost)  
  60  4:51  Pylon  
  62  5:03  Probe (Chrono Boost), Robotics Facility  
  62  5:09  Stalker  
  64  5:15  Zealot, Pylon  
  66  5:29  Zealot  
  66  5:32  Pylon  
  66  5:33  Zealot  
  70  5:38  Stalker  
  70  5:41  Gateway  
  72  5:46  Probe (Chrono Boost)  
  72  5:47  Assimilator, Stalker  
  75  5:52  Zealot  
  75  5:53  Twilight Council  
  75  5:54  Assimilator, Nexus  
  77  6:10  Probe (Chrono Boost)  
  77  6:11  Probe (Chrono Boost)  
  79  6:21  Probe x2 (Chrono Boost)  
  81  6:30  Dark Shrine  
  81  6:32  Probe (Chrono Boost)  
  78  6:36  Zealot  
  78  6:37  Zealot, Sentry  
  76  6:40  Zealot  
  76  6:44  Forge  
  76  6:46  Pylon  
  70  6:47  Forge  
  64  6:54  Stalker  
  64  6:56  Stalker  
  64  6:59  Stalker, Adept  
  64  7:08  Probe x2 (Chrono Boost)  
  63  7:09  Probe (Chrono Boost)  
  57  7:16  Sentry  
  57  7:18  Adept  
  57  7:19  Probe (Chrono Boost), Zealot  
  57  7:20  Probe x2 (Chrono Boost)  
  57  7:21  Stalker  
  61  7:31  Probe x2 (Chrono Boost)  
  61  7:33  Assimilator  
  61  7:37  Sentry, Adept  
  60  7:38  Zealot  
  60  7:42  Dark Templar  
  60  7:43  Probe x2 (Chrono Boost)  
  66  7:54  Probe (Chrono Boost)  
  66  7:56  Probe (Chrono Boost), Dark Templar  
  66  7:57  Zealot  
  66  7:59  Stalker  
  69  8:06  Probe (Chrono Boost)  
  69  8:07  Probe (Chrono Boost)  
  70  8:13  Observer, Stalker  
  70  8:16  Adept  
  70  8:18  Probe (Chrono Boost)  
  75  8:21  Adept  
  75  8:22  Probe (Chrono Boost)  
  76  8:27  Stalker  
  76  8:29  Probe (Chrono Boost)  
  76  8:32  Pylon  
  74  8:34  Probe (Chrono Boost), Stalker  
  74  8:35  Sentry  
  74  8:41  Probe (Chrono Boost), Zealot  
  69  8:45  Probe (Chrono Boost)  
  55  8:49  Sentry  
  55  8:52  Probe (Chrono Boost)  
  44  8:56  Probe (Chrono Boost), Dark Templar, Adept  
  44  9:00  Zealot  
  34  9:04  Probe (Chrono Boost)  
  30  9:11  Dark Templar  
  30  9:27  Zealot  
Tags
 
Add a new tag
Caveats
  • Supply blocks, unpowered buildings, or Contaminate may cause inaccurate times.
  • Supply counts are checked every 10 seconds.